 Dungeon Crawl Stone Soup version bcrawl-1.19.1 (webtiles) character file.

Game seed: 11023687705479351933

125 Freyura the Conjurer (level 4, -1/24 HPs)
             Began as a Skeleton Conjurer on Dec 14, 2019.
             Slain by an adder (4 damage)
             ... on level 2 of the Dungeon on Dec 15, 2019.
             The game lasted 00:14:03 (1879 turns).

Freyura the Conjurer (Skeleton Conjurer)            Turns: 1879, Time: 00:14:04

Health: -1/24      AC:  3    Str: 14      XL:     4   Next: 82%
Magic:  0/10       EV: 11    Int: 14 (15) God:
Gold:   172        SH:  2    Dex:  9      Spells: 11/12 levels left

rFire    . . .     SeeInvis .   (no weapon)
rCold    + . .     Gourm    .   b - +0 buckler
rNeg     + + +     Faith    .   a - +0 robe
rPois    ∞         Spirit   +   c - +0 helmet
rElec    .         Reflect  .   (no cloak)
rCorr    .         Harm     .   (no gloves)
MR       .....                  (no boots)
Stlth    ++........             (no amulet)
HPRegen  0.08/turn              (no ring)
MPRegen  0.12/turn              (no ring)

@: no status effects
A: no food or potions, cold resistance 1, deterioration 1, negative energy
resistance 3, torment resistance, unbreathing, magic shield, sturdy frame 1,
spell healing
a: no special abilities


You were on level 2 of the Dungeon.
You were not hungry.

You visited 1 branch of the dungeon, and saw 3 of its levels.

You collected 172 gold pieces.

Inventory:

Armour
 a - a +0 robe (worn)
 b - a +0 buckler (worn)
 c - a +0 helmet (worn)
Scrolls
 g - a scroll of remove curse


   Skills:
 - Level 2.0 Dodging
 - Level 2.4 Stealth
 * Level 4.6 Spellcasting
 + Level 6.4 Conjurations
   Level 1.1 Evocations


You had 11 spell levels left.
You knew the following spells:

 Your Spells              Type           Power        Failure   Level  Hunger
a - Magic Dart            Conj           ###.         2%          1    N/A

Your spell library contained the following spells:

 Spells                   Type           Power        Failure   Level  Hunger
 Searing Ray              Conj           ###...       3%          2    N/A
 Iskenderun's Mystic Bla  Conj           ###.....     6%          3    N/A
 Fulminant Prism          Conj/Hex       ##........   63%         4    N/A
 Irradiate                Conj/Tmut      ##........   92%         5    N/A

Dungeon Overview and Level Annotations

Branches:
Dungeon (3/12)

Altars:
Cheibriados


Innate Abilities, Weirdness & Mutations

You do not eat or drink.
You are immune to poison.
Your flesh is cold resistant. (rC+)
Your body sometimes deteriorates upon taking damage.
You are immune to negative energy. (rN+++)
You are immune to unholy pain and torment.
You can survive without breathing.
When hurt, damage is shared between your health and your magic reserves.
Your movements are slightly less encumbered by armour. (ER -2)
Casting spells heals you.


Message History

Casting: Magic Dart (safe; 2% risk of failure)
Confirm with . or Enter, or press ? or * to list all spells.
You don't have enough magic to cast that spell.
You aren't carrying any items that you can evoke.
Drop what? 4/52 slots (_ for help) (? for menu, Esc to quit)
Okay, then.
You aren't carrying any items that you can evoke.
You hit the adder but do no damage. The adder bites you.
You block the adder's attack.
You hit the adder.
The adder is lightly wounded.
The adder bites you.
* * * LOW HITPOINT WARNING * * *
You hit the adder.
The adder is moderately wounded.
The adder bites you.
* * * LOW HITPOINT WARNING * * *
You see here a robe.
The adder bites you.
You die...

#####.###.###.........#
#.##..###..##.....#
#.##.##...)######.#
#.##.......## #.#
#...........# #.##
#...........# #..#
###...........## ##.#
#..............#####.####
###.#..........#@.##......#
...............##S##......#
#.....!........##..†.†....#
#...#..........#####.>....#
#...#..........# #......#
################ #......#
#......# #......# #......#


You could see an adder.

Vanquished Creatures
  An orc wizard (D:2)
  Jessica (D:2)
  2 adders (D:2)
  2 worms (D:2)
  2 dart slugs
  A leopard gecko (D:2)
  4 orcs (D:2)
  3 goblins (D:1)
  7 hobgoblins
  3 jackals (D:2)
  2 kobolds
  2 quokkas (D:2)
  2 bats
  3 frilled lizards (D:1)
  5 rats
40 creatures vanquished.

Notes
Turn   | Place    | Note
-------+----------+-------------------------------------------
     0 | D:1      | Freyura the Skeleton Conjurer began the quest for the Orb.
     0 | D:1      | Reached XP level 1. HP: 10/10 MP: 4/4
   176 | D:1      | Reached skill level 5 in Conjurations
   338 | D:1      | Reached XP level 2. HP: 15/15 MP: 0/6
   945 | D:2      | Noticed Jessica
   947 | D:2      | Killed Jessica
   947 | D:2      | Reached skill level 6 in Conjurations
   947 | D:2      | Reached XP level 3. HP: 19/19 MP: 3/7
  1223 | D:2      | Found a snail-covered altar of Cheibriados.
  1255 | D:2      | Reached XP level 4. HP: 24/24 MP: 0/10
  1304 | D:2      | Reached skill level 1 in Evocations
  1879 | D:2      | Slain by an adder

Skill      XL: |  1  2  3  4 |
---------------+-------------+-----
Conjurations   | 5 6 |  6.4
Spellcasting   | 4 |  4.6
Evocations     | 1 |  1.1
Dodging        | |  2.0
Stealth        | |  2.4

Action                   |  1- 3 |  4- 6 || total
-------------------------+-------+-------++-------
Melee: Unarmed           |    11 |     9 ||    20
 Cast: Magic Dart        |    65 |    25 ||    90
Evoke: Wand              |     6 |    17 ||    23
  Use: Scroll            |       |     2 ||     2
 Stab: Sleeping          |     1 |       ||     1
Armor: Robe              |     2 |     3 ||     5
Dodge: Dodged            |     7 |    25 ||    32
Block: Buckler           |     1 |     4 ||     5
